TOP OF THE 1ST |
Lakewood BlueClaws batting - Pitching for Binghamton Mets : RHP Austin Kuhn
|
Pitching: RHP Austin Kuhn
|
|
Batting: RHB Alberto Ramirez
|
0-0: Swinging Strike 0-1: Hit by Pitch
|
Batting: RHB Steve Jones
|
0-0: Ball 1-0: Ball 2-0: Ball 3-0: Called Strike 3-1: Fly out, F5 (Line Drive, 5, EV 73.8 MPH)
|
Batting: SHB Bob Dixon
|
0-0: Ball 1-0: Called Strike Alberto Ramirez steals 2nd base 1-1: Called Strike 1-2: Ball 2-2: Ball 3-2: Foul Ball, location: 2F 3-2: 2-RUN HOME RUN (Flyball, 89XD, EV 109.4 MPH), Distance : 427 ft
|
Batting: RHB Victor Arroyo
|
0-0: Ball 1-0: Called Strike 1-1: Ball 2-1: Ball 3-1: Swinging Strike 3-2: Fly out, F6 (Flyball, 56D, EV 75.6 MPH)
|
Batting: RHB Roberto Ruiz
|
0-0: Ball 1-0: Foul Ball, location: 2F 1-1: Foul Ball, location: 2F 1-2: Ball 2-2: Ball 3-2: SINGLE (Groundball, 56D, EV 110.0 MPH)
|
Batting: RHB Kyle Morse
|
0-0: Called Strike 0-1: Foul Ball, location: 2F 0-2: Ball 1-2: Ball 2-2: Ground out 4-3 (Groundball, 34, EV 100.6 MPH)
|
Top of the 1st over - 2 runs, 2 hits, 0 errors, 1 left on base; Lakewood 2 - Binghamton 0 |
BOTTOM OF THE 1ST |
Binghamton Mets batting - Pitching for Lakewood BlueClaws : LHP Brian Wildrick
|
Pitching: LHP Brian Wildrick
|
|
Batting: RHB Dave Conde
|
0-0: Ball 1-0: Ball 2-0: Ball 3-0: Base on Balls
|
Batting: RHB Steve Dunaway
|
0-0: Foul Ball, location: 2F 0-1: Foul Ball, location: 2F 0-2: Fielders Choice at 2nd, 6-4 (Groundball, 56, EV 110.0 MPH)
|
Batting: RHB Chris Nelson
|
0-0: Called Strike 0-1: Ball 1-1: Called Strike 1-2: Foul Ball, location: 2F 1-2: Fly out, F9 (Flyball, 9D, EV 95.6 MPH)
|
Batting: RHB Joe Kooyers
|
0-0: Ball 1-0: Ball 2-0: Foul Ball, location: 2F 2-1: Ground out 5-3 (Groundball, 56S, EV 88.1 MPH)
|
Bottom of the 1st over - 0 runs, 0 hits, 0 errors, 1 left on base; Lakewood 2 - Binghamton 0 |
TOP OF THE 2ND |
Lakewood BlueClaws batting - Pitching for Binghamton Mets : RHP Austin Kuhn
|
Batting: LHB Troy Hodge
|
0-0: Called Strike 0-1: Ball 1-1: Called Strike 1-2: Strikes out swinging
|
Batting: RHB Pedro Mata
|
0-0: Ball 1-0: Foul Ball, location: 2F 1-1: Foul Ball, location: 2F 1-2: Ground out 6-3 (Groundball, 6, EV 81.9 MPH)
|
Batting: RHB William-Floyd Goof
|
0-0: Ground out 5-3 (Groundball, 56S, EV 86.9 MPH)
|
Top of the 2nd over - 0 runs, 0 hits, 0 errors, 0 left on base; Lakewood 2 - Binghamton 0 |
BOTTOM OF THE 2ND |
Binghamton Mets batting - Pitching for Lakewood BlueClaws : LHP Brian Wildrick
|
Batting: SHB Alex Orozco
|
0-0: Ball 1-0: Ground out 6-3 (Groundball, 6, EV 92.5 MPH)
|
Batting: LHB Nate Trahan
|
0-0: Called Strike 0-1: Called Strike 0-2: Strikes out swinging
|
Batting: RHB Bill Larsen
|
0-0: Foul Ball, location: 2F 0-1: SINGLE (Groundball, 56, EV 104.4 MPH) (infield hit)
|
Batting: LHB Jose Chavez
|
0-0: Ball 1-0: Foul Ball, location: 2F 1-1: Ground out U3 (Groundball, 13, EV 83.1 MPH)
|
Bottom of the 2nd over - 0 runs, 1 hit, 0 errors, 1 left on base; Lakewood 2 - Binghamton 0 |
TOP OF THE 3RD |
Lakewood BlueClaws batting - Pitching for Binghamton Mets : RHP Austin Kuhn
|
Batting: RHB Alberto Ramirez
|
0-0: Ball 1-0: Foul Ball, location: 2F 1-1: Ball 2-1: Ball 3-1: Base on Balls
|
Batting: RHB Steve Jones
|
0-0: Ball Alberto Ramirez is caught stealing 2nd base 2-4 1-0: Swinging Strike 1-1: Swinging Strike 1-2: Foul Ball, location: 2F 1-2: Ball 2-2: Ball 3-2: Strikes out looking
|
Batting: SHB Bob Dixon
|
0-0: Ball 1-0: Foul Ball, location: 2F 1-1: Ball 2-1: Foul Ball, location: 2F 2-2: Fly out, F7 (Flyball, 78XD, EV 108.1 MPH)
|
Top of the 3rd over - 0 runs, 0 hits, 0 errors, 0 left on base; Lakewood 2 - Binghamton 0 |
BOTTOM OF THE 3RD |
Binghamton Mets batting - Pitching for Lakewood BlueClaws : LHP Brian Wildrick
|
Batting: LHB Elmo Dreier
|
0-0: Ball 1-0: DOUBLE (Flyball, 8RD, EV 104.4 MPH)
|
Batting: RHB Dave Conde
|
0-0: Called Strike 0-1: Ball 1-1: Called Strike 1-2: Strikes out swinging
|
Batting: RHB Steve Dunaway
|
0-0: Ball 1-0: Ball 2-0: Foul Ball, location: 2F 2-1: Ball Elmo Dreier steals 3rd base 3-1: Base on Balls
|
Batting: RHB Chris Nelson
|
0-0: Ball 1-0: Called Strike 1-1: Ball 2-1: Foul Ball, location: 2F 2-2: DOUBLE (Flyball, 78D, EV 94.4 MPH) Elmo Dreier scores Steve Dunaway to third
|
Batting: RHB Joe Kooyers
|
0-0: Foul Ball, location: 2F 0-1: Called Strike 0-2: Ball 1-2: Ball 2-2: Ball 3-2: Foul Ball, location: 2F 3-2: Base on Balls
|
Batting: SHB Alex Orozco
|
0-0: Ball 1-0: Ball 2-0: Ball 3-0: Called Strike 3-1: Called Strike 3-2: SINGLE (Groundball, 56D, EV 102.5 MPH) Steve Dunaway scores Chris Nelson to third Joe Kooyers to second Runner from 3rd tries for Home, SAFE, throw by LF to home
|
Batting: LHB Nate Trahan
|
0-0: Ball 1-0: Called Strike 1-1: Swinging Strike 1-2: Foul Ball, location: 2F 1-2: Foul Ball, location: 2F 1-2: SINGLE (Line Drive, 89S, EV 98.1 MPH) Joe Kooyers to third Alex Orozco to second
|
Batting: RHB Bill Larsen
|
0-0: Ball 1-0: Grounds into fielders choice U2 (Groundball, 2L, EV 75.0 MPH) Alex Orozco to third Nate Trahan to second
|
Batting: LHB Jose Chavez
|
0-0: Called Strike 0-1: Foul Ball, location: 2F 0-2: Strikes out looking
|
Bottom of the 3rd over - 3 runs, 4 hits, 0 errors, 3 left on base; Lakewood 2 - Binghamton 3 |
TOP OF THE 4TH |
Lakewood BlueClaws batting - Pitching for Binghamton Mets : RHP Austin Kuhn
|
Batting: RHB Victor Arroyo
|
0-0: Called Strike 0-1: Ball 1-1: Swinging Strike 1-2: Foul Ball, location: 2F 1-2: Foul Ball, location: 2F 1-2: Ball 2-2: Foul Ball, location: 2F 2-2: Ball 3-2: Foul Ball, location: 2F 3-2: Fly out, F8 (Flyball, 8RM, EV 88.8 MPH)
|
Batting: RHB Roberto Ruiz
|
0-0: Ball 1-0: Ball 2-0: Called Strike 2-1: Ball 3-1: Base on Balls
|
Batting: RHB Kyle Morse
|
0-0: Called Strike 0-1: Swinging Strike 0-2: Strikes out swinging
|
Batting: LHB Troy Hodge
|
0-0: Ball 1-0: Ball 2-0: Foul Ball, location: 2F 2-1: Called Strike 2-2: Foul Ball, location: 2F 2-2: Fly out, F7 (Line Drive, 7S, EV 105.0 MPH)
|
Top of the 4th over - 0 runs, 0 hits, 0 errors, 1 left on base; Lakewood 2 - Binghamton 3 |
BOTTOM OF THE 4TH |
Binghamton Mets batting - Pitching for Lakewood BlueClaws : LHP Brian Wildrick
|
Batting: LHB Elmo Dreier
|
0-0: Called Strike 0-1: Bunted foul 0-2: Ball 1-2: SINGLE (Groundball, 56D, EV 105.0 MPH)
|
Batting: RHB Dave Conde
|
0-0: Ball Elmo Dreier steals 2nd base 1-0: Foul Ball, location: 2F 1-1: Ball 2-1: SINGLE (Groundball, 34D, EV 108.1 MPH) Elmo Dreier to third
|
Batting: RHB Steve Dunaway
|
0-0: Called Strike 0-1: SINGLE (Line Drive, 34D, EV 108.1 MPH) Elmo Dreier scores Dave Conde to second
|
Batting: RHB Chris Nelson
|
0-0: Called Strike 0-1: Ball 1-1: SINGLE (Groundball, 4M, EV 106.2 MPH) (infield hit) Dave Conde to third Steve Dunaway to second
|
Batting: RHB Joe Kooyers
|
0-0: Ball 1-0: Ball 2-0: TRIPLE (Line Drive, 89XD, EV 100.0 MPH) Dave Conde scores Steve Dunaway scores Chris Nelson scores
|
Pitching: LHP Ryan Jansma
|
|
Batting: SHB Alex Orozco
|
0-0: Swinging Strike 0-1: Ball 1-1: Fly out, F9 (Flyball, 9S, EV 88.8 MPH)
|
Batting: LHB Nate Trahan
|
0-0: Called Strike 0-1: Ball 1-1: Ball 2-1: Foul Ball, location: 2F 2-2: Ball 3-2: Strikes out looking
|
Batting: RHB Bill Larsen
|
0-0: Foul Ball, location: 2F 0-1: Ground out U3 (Groundball, 13, EV 85.6 MPH)
|
Bottom of the 4th over - 4 runs, 5 hits, 0 errors, 1 left on base; Lakewood 2 - Binghamton 7 |
TOP OF THE 5TH |
Lakewood BlueClaws batting - Pitching for Binghamton Mets : RHP Austin Kuhn
|
Batting: RHB Pedro Mata
|
0-0: Ball 1-0: Ball 2-0: Fly out, F4 (Line Drive, 4, EV 73.1 MPH)
|
Batting: RHB William-Floyd Goof
|
0-0: Ball 1-0: Called Strike 1-1: Foul Ball, location: 2F 1-2: Strikes out swinging
|
Batting: RHB Alberto Ramirez
|
0-0: Ball 1-0: Called Strike 1-1: DOUBLE (Line Drive, 7LD, EV 108.8 MPH)
|
Batting: RHB Steve Jones
|
0-0: Ball 1-0: Ball 2-0: Ground out U3 (Groundball, 13, EV 89.4 MPH)
|
Top of the 5th over - 0 runs, 1 hit, 0 errors, 1 left on base; Lakewood 2 - Binghamton 7 |
BOTTOM OF THE 5TH |
Binghamton Mets batting - Pitching for Lakewood BlueClaws : LHP Ryan Jansma
|
Batting: LHB Jose Chavez
|
0-0: Ball 1-0: Swinging Strike 1-1: Ball 2-1: Called Strike 2-2: Ball 3-2: Strikes out swinging
|
Batting: LHB Elmo Dreier
|
0-0: Ground out 1-3 (Groundball, 25, EV 67.5 MPH)
|
Batting: RHB Dave Conde
|
0-0: Called Strike 0-1: Foul Ball, location: 2F 0-2: Strikes out swinging
|
Bottom of the 5th over - 0 runs, 0 hits, 0 errors, 0 left on base; Lakewood 2 - Binghamton 7 |
TOP OF THE 6TH |
Lakewood BlueClaws batting - Pitching for Binghamton Mets : RHP Austin Kuhn
|
Pitching: LHP David Mars
|
|
Batting: SHB Bob Dixon
|
0-0: Called Strike 0-1: Ball 1-1: Ball 2-1: Foul Ball, location: 2F 2-2: SINGLE (Groundball, 6MD, EV 94.4 MPH)
|
Pitching: RHP Stan Pitcher
|
|
Batting: RHB Victor Arroyo
|
0-0: Swinging Strike 0-1: Ball 1-1: Foul Ball, location: 2F 1-2: Foul Ball, location: 2F 1-2: Strikes out looking
|
Batting: RHB Roberto Ruiz
|
0-0: DOUBLE (Line Drive, 3D, EV 105.6 MPH) Bob Dixon to third
|
Batting: RHB Kyle Morse
|
0-0: Called Strike 0-1: Ground out 5-3 (Groundball, 56, EV 85.0 MPH) Bob Dixon scores
|
Batting: LHB Troy Hodge
|
0-0: Ball 1-0: Called Strike 1-1: Ground out 5-3 (Groundball, 5, EV 83.1 MPH)
|
Top of the 6th over - 1 run, 2 hits, 0 errors, 1 left on base; Lakewood 3 - Binghamton 7 |
BOTTOM OF THE 6TH |
Binghamton Mets batting - Pitching for Lakewood BlueClaws : LHP Ryan Jansma
|
Batting: RHB Steve Dunaway
|
0-0: Called Strike 0-1: Foul Ball, location: 2F 0-2: Ball 1-2: Ball 2-2: Foul Ball, location: 2F 2-2: Strikes out swinging
|
Batting: RHB Chris Nelson
|
0-0: Called Strike 0-1: Ball 1-1: Swinging Strike 1-2: Strikes out swinging
|
Batting: RHB Joe Kooyers
|
0-0: SINGLE (Groundball, 6S, EV 66.2 MPH) (infield hit)
|
Batting: SHB Alex Orozco
|
0-0: Called Strike 0-1: Ball 1-1: SINGLE (Line Drive, 5D, EV 96.9 MPH) Joe Kooyers to second
|
Pitching: RHP Derek Ziolkowski
|
|
Batting: LHB Nate Trahan
|
0-0: Ball 1-0: Called Strike 1-1: Ball 2-1: Fielders Choice at 2nd, 6-4 (Groundball, 6, EV 100.6 MPH)
|
Bottom of the 6th over - 0 runs, 2 hits, 0 errors, 2 left on base; Lakewood 3 - Binghamton 7 |
TOP OF THE 7TH |
Lakewood BlueClaws batting - Pitching for Binghamton Mets : RHP Stan Pitcher
|
Pitching: LHP Jonathan Gendron
|
|
Batting: RHB Pedro Mata
|
0-0: Ball 1-0: Swinging Strike 1-1: Foul Ball, location: 2F 1-2: Strikes out swinging
|
Batting: RHB William-Floyd Goof
|
0-0: Called Strike 0-1: Foul Ball, location: 2F 0-2: Strikes out swinging
|
Batting: RHB Alberto Ramirez
|
0-0: Foul Ball, location: 2F 0-1: SINGLE (Line Drive, 8LS, EV 99.4 MPH)
|
Batting: RHB Steve Jones
|
0-0: Ball Wild Pitch! Alberto Ramirez to second 1-0: Ball 2-0: Ball 3-0: Foul Ball, location: 2F 3-1: Ground out U3 (Groundball, 3S, EV 78.8 MPH)
|
Top of the 7th over - 0 runs, 1 hit, 0 errors, 1 left on base; Lakewood 3 - Binghamton 7 |
BOTTOM OF THE 7TH |
Binghamton Mets batting - Pitching for Lakewood BlueClaws : RHP Derek Ziolkowski
|
Pitching: RHP Jeff Dailey
|
|
Batting: RHB Bill Larsen
|
0-0: Called Strike 0-1: Ball 1-1: Ground out 5-3 (Groundball, 56S, EV 84.4 MPH)
|
Batting: LHB Jose Chavez
|
0-0: Called Strike 0-1: Foul Ball, location: 2F 0-2: Ball 1-2: Foul Ball, location: 2F 1-2: Strikes out looking
|
Batting: LHB Elmo Dreier
|
0-0: Called Strike 0-1: Foul Ball, location: 2F 0-2: Ball 1-2: Ground out 4-3 (Groundball, 4, EV 88.1 MPH)
|
Bottom of the 7th over - 0 runs, 0 hits, 0 errors, 0 left on base; Lakewood 3 - Binghamton 7 |
TOP OF THE 8TH |
Lakewood BlueClaws batting - Pitching for Binghamton Mets : LHP Jonathan Gendron
|
Pitching: RHP Francis Cornick
|
|
Batting: SHB Bob Dixon
|
0-0: Called Strike 0-1: Ball 1-1: Ground out 6-3 (Groundball, 4M, EV 87.5 MPH)
|
Batting: RHB Victor Arroyo
|
0-0: Swinging Strike 0-1: Foul Ball, location: 2F 0-2: Foul Ball, location: 2F 0-2: Strikes out swinging
|
Batting: RHB Roberto Ruiz
|
0-0: Called Strike 0-1: Ball 1-1: Ball 2-1: Swinging Strike 2-2: DOUBLE (Line Drive, 9LM, EV 90.6 MPH)
|
Batting: RHB Kyle Morse
|
0-0: Ball 1-0: Ball 2-0: Called Strike 2-1: Fly out, F4 (Popup, 34S, EV 68.8 MPH)
|
Top of the 8th over - 0 runs, 1 hit, 0 errors, 1 left on base; Lakewood 3 - Binghamton 7 |
BOTTOM OF THE 8TH |
Binghamton Mets batting - Pitching for Lakewood BlueClaws : RHP Jeff Dailey
|
Batting: RHB Dave Conde
|
0-0: Foul Ball, location: 2F 0-1: Ball 1-1: Ball 2-1: Ball 3-1: Called Strike 3-2: Foul Ball, location: 2F 3-2: Strikes out swinging
|
Batting: RHB Steve Dunaway
|
0-0: Called Strike 0-1: Foul Ball, location: 2F 0-2: Ball 1-2: Ground out 1-3 (Groundball, 13S, EV 66.2 MPH)
|
Batting: RHB Chris Nelson
|
0-0: Ball 1-0: Called Strike 1-1: Foul Ball, location: 2F 1-2: Strikes out swinging
|
Bottom of the 8th over - 0 runs, 0 hits, 0 errors, 0 left on base; Lakewood 3 - Binghamton 7 |
TOP OF THE 9TH |
Lakewood BlueClaws batting - Pitching for Binghamton Mets : RHP Francis Cornick
|
Pitching: RHP Salvatore Garcia
|
|
Batting: LHB Troy Hodge
|
0-0: Called Strike 0-1: Called Strike 0-2: Ground out 4-3 (Groundball, 4, EV 104.4 MPH)
|
Pinch Hitting: LHB Jose Carlos
|
0-0: Ball 1-0: Ball 2-0: Foul Ball, location: 2F 2-1: Foul Ball, location: 2F 2-2: Strikes out swinging
|
Batting: RHB William-Floyd Goof
|
0-0: Ball 1-0: Ball 2-0: Called Strike 2-1: Ball 3-1: Fly out, F9 (Flyball, 9, EV 75.0 MPH)
|
Top of the 9th over - 0 runs, 0 hits, 0 errors, 0 left on base; Lakewood 3 - Binghamton 7 |
|